 Dungeon Crawl Stone Soup version 0.30.0 (webtiles) character file.

Game seed: 14348756978470685905

191 AlmostAGhost the Slasher (level 5, -9/39 HPs)
             Began as a Demonspawn Gladiator on May 6, 2023.
             Was an Initiate of Makhleb.
             Mangled by a gnoll
             ... wielding a +0 halberd
              (11 damage)
             ... on level 4 of the Dungeon.
             The game lasted 00:05:27 (2312 turns).

AlmostAGhost the Slasher (Demonspawn Gladiator)     Turns: 2312, Time: 00:05:28

Health: -9/39      AC:  6    Str: 17    XL:     5   Next: 41%
Magic:  5/5        EV: 12    Int:  9    God:    Makhleb [......]
Gold:   279        SH:  0    Dex: 14    Spells: 1/4 levels left

rFire   . . .        a - +0 long sword
rCold   . . .        (no shield)
rNeg    . . .        z - +0 ring mail
rPois   .            c - +0 helmet
rElec   .            (no cloak)
rCorr   .            (no gloves)
SInv    .            (no boots)
Will    .....        (no amulet)
Stlth   +            (no ring)
HPRegen 0.26/turn    (no ring)
MPRegen 0.09/turn

%: no passive effects
@: no status effects
A: foul stench 2
a: Renounce Religion


You were on level 4 of the Dungeon.
You worshipped Makhleb.
Makhleb was noncommittal.
You visited 1 branch of the dungeon, and saw 4 of its levels.

You collected 279 gold pieces.

Inventory:

Hand Weapons
 a - a +0 long sword (weapon)
Missiles
 d - 4 throwing nets (quivered)
 e - a javelin
Armour
 b - a +0 leather armour
 c - a +0 helmet (worn)
 z - a +0 ring mail (worn)
Jewellery
 f - a ring of magical power
 l - a +4 ring of protection
 o - a ring of resist corrosion
Scrolls
 g - 2 scrolls of noise {unknown}
 j - 6 scrolls of identify {unknown}
 k - 4 scrolls of amnesia {unknown}
 m - a scroll of magic mapping {unknown}
 r - a scroll of vulnerability {unknown}
 s - 2 scrolls of teleportation {unknown}
 t - a scroll of immolation {unknown}
 u - a scroll of poison {unknown}
 v - a scroll of blinking {unknown}
 x - a scroll of enchant weapon {unknown}
 y - a scroll of summoning {unknown}
Potions
 h - a potion of mutation {unknown}
 i - 3 potions of haste
 n - 4 potions of might {unknown}
 p - 2 potions of heal wounds {unknown}
 q - 5 potions of curing {unknown}
 w - 2 potions of brilliance {unknown}


   Skills:
 + Level 2.4 Fighting
 + Level 4.3 Long Blades
 + Level 1.8 Throwing
 + Level 2.1 Armour
 + Level 3.4 Dodging
 + Level 0.3 Stealth


You had one spell level left.
You knew the following spells:

 Your Spells              Type           Power      Damage    Failure   Level
a - Sting                 Tmut/Pois      0%         1d3       58%         1
b - Wereblood             Tmut           0%         N/A       73%         2

Your spell library contained the following spells:

 Spells                   Type           Power      Damage    Failure   Level
 Poisonous Vapours        Pois/Air       0%         N/A       73%         2
 Sublimation of Blood     Necr           0%         N/A       73%         2
 Olgreb's Toxic Radiance  Pois           0%         N/A       100%        4
 Summon Hydra             Summ           0%         N/A       100%        7
 Borgnjor's Revivificati  Necr           0%         N/A       100%        8
 Necromutation            Tmut/Necr      0%         N/A       100%        8
 Death's Door             Necr           0%         N/A       100%        9


Dungeon Overview and Level Annotations

Branches:
Dungeon (4/15)
 Temple: D:4-7

Altars:
Makhleb

Shops:
D:1 :


Innate Abilities, Weirdness & Mutations

You sometimes emit foul miasma when damaged in melee.


Message History

The ogre hits you with a +0 giant spiked club!!
Ouch! That really hurt!
* * * LOW HITPOINT WARNING * * *
You emit a cloud of foul miasma!
A gnoll comes into view. It is wielding a +0 halberd.
The gnoll shouts!
You hit the ogre.
The ogre is lightly wounded.
The ogre is engulfed in dark miasma.
The ogre is poisoned.
The ogre closely misses you.
You hit the ogre.
The ogre is heavily wounded.
The ogre is engulfed in dark miasma.
The ogre looks even sicker.
The ogre closely misses you.
You hit the ogre.
The ogre is almost dead.
The ogre is engulfed in dark miasma.
The ogre looks even sicker.
You kill the ogre!
Makhleb accepts your kill.
Your Long Blades skill increases to level 4!
Your Armour skill increases to level 2!
You have reached level 5!
Cast which spell? (? or * to list)
The spell is quite dangerous to miscast (73% risk of failure)!
Continue anyway?
Okay, then.
The gnoll hits you with a +0 flail.
* * * LOW HITPOINT WARNING * * *
You emit a cloud of foul miasma!
Items here: ))) †.
You barely miss the gnoll.
The gnoll is engulfed in dark miasma.
The gnoll is poisoned.
The gnoll hits you but does no damage.
The gnoll hits you from afar with a +0 halberd!
* * * LOW HITPOINT WARNING * * *
Unknown command.
You closely miss the gnoll.
The gnoll is severely wounded.
The gnoll is engulfed in dark miasma.
The gnoll looks even sicker.
The gnoll completely misses you. The gnoll closely misses you.
The gnoll hits you from afar with a +0 halberd!
You die...

#####.#
####.....#
##g@..# #..####
#g##
.......S..#
.O...........
.............#
.............#
...............
.............##


You could see 2 gnolls and a ball python.

Vanquished Creatures
  An ogre (D:4)
  Jessica (D:2)
  An adder (D:2)
  A gnoll (D:4)
  An orc (D:3)
  3 ball pythons
  7 endoplasms
  A giant cockroach (D:1)
  5 goblins
  6 hobgoblins
  11 jackals
  4 kobolds
  A bat (D:1)
  3 frilled lizards
  4 rats
50 creatures vanquished.

Notes
Turn   | Place    | Note
-------+----------+-------------------------------------------
     0 | D:1      | AlmostAGhost the Demonspawn Gladiator began the quest for
                  | the Orb.
     0 | D:1      | Reached XP level 1. HP: 16/16 MP: 1/1
    47 | D:1      | Found Boumibist's Book Emporium.
   344 | D:1      | Reached skill level 3 in Long Blades
   344 | D:1      | Gained mutation: You may rarely emit foul miasma when
                  | damaged in melee. [demonic ancestry]
   344 | D:1      | Reached XP level 2. HP: 4/22 MP: 2/2
   678 | D:1      | HP: 1/22 [jackal (1)]
   999 | D:2      | Noticed Jessica
  1005 | D:2      | Killed Jessica
  1006 | D:2      | Reached skill level 1 in Armour
  1006 | D:2      | Gained mutation: You sometimes emit foul miasma when
                  | damaged in melee. [demonic ancestry]
  1006 | D:2      | Reached XP level 3. HP: 22/27 MP: 3/3
  1500 | D:3      | Found a burning altar of Makhleb.
  1546 | D:3      | Became a worshipper of Makhleb the Destroyer
  1617 | D:3      | Reached XP level 4. HP: 31/33 MP: 4/4
  2033 | D:3      | Learned a level 1 spell: Sting
  2036 | D:3      | Learned a level 2 spell: Wereblood
  2279 | D:4      | Noticed an ogre
  2309 | D:4      | Killed an ogre
  2310 | D:4      | Reached skill level 4 in Long Blades
  2310 | D:4      | Reached XP level 5. HP: 11/39 MP: 5/5
  2312 | D:4      | Mangled by a gnoll

Illustrated notes

Levels and vault maps discovered:
D:1:      saegor_arrival_simple_e, layout_rooms, serial_shops, shop,
          minivault_25, minmay_quantized
D:2:      layout_rooms, minmay_splitting_lines, minivault_4,
          minmay_misc_feat_rows, uniq_jessica
D:3:      layout_basic, amcnicky_altar_gilded, minmay_goblin_kobold_house
D:4:      layout_rooms, lightli_corner_chamber

Skill      XL: |  1  2  3  4 |
---------------+-------------+-----
Long Blades    | 3 4 |  4.3
Dodging        | 3 |  3.4
Armour         | 1 2 |  2.1
Fighting       | |  2.4
Throwing       | |  1.8
Stealth        | |  0.3

Action                     |  1- 3 |  4- 6 || total
---------------------------+-------+-------++-------
  Melee: Long sword        |    98 |    59 ||   157
         Punch             |     1 |     1 ||     2
    Use: Potion            |     1 |       ||     1
 Armour: Leather armour    |    42 |    10 ||    52
         Ring mail         |       |     4 ||     4
  Dodge: Dodged            |   105 |    37 ||   142
